 Dungeon Crawl Stone Soup version 0.29.1-12-g30fa7ad0bf (webtiles) character file.

Game seed: 13340574809748448956

114 xzight the Grasshopper (level 4, 0/38 HPs)
             Began as a Gnoll Warper on Dec 28, 2022.
             Was an Initiate of Gozag.
             Slain by a kobold
             ... wielding a +0 whip
              (2 damage)
             ... on level 4 of the Dungeon.
             The game lasted 00:03:07 (3389 turns).

xzight the Grasshopper (Gnoll Warper)               Turns: 3389, Time: 00:03:08

Health: 0/38       AC:  3    Str: 10    XL:     4   Next: 98%
Magic:  11/11      EV: 12    Int: 15    God:    Gozag
Gold:   155        SH:  3    Dex: 11    Spells: 13/13 levels left

rFire   . . .      SeeInvis .   a - +0 mace
rCold   . . .      Faith    .   m - +0 buckler
rNeg    . . .      Spirit   .   b - +0 leather armour
rPois   .          Reflect  .   o - +0 hat
rElec   .          Harm     .   (no cloak)
rCorr   .          Rampage  .   (no gloves)
Will    .....                   (no boots)
Stlth   +.........              (no amulet)
HPRegen 0.12/turn               (no ring)
MPRegen 0.12/turn               (no ring)

@: gold aura
A: fangs 1, strong nose, distributed training
a: Renounce Religion, Potion Petition, Call Merchant, Bribe Branch


You were on level 4 of the Dungeon.
You worshipped Gozag.
Gozag was aware of your devotion.
You visited 1 branch of the dungeon, and saw 4 of its levels.

You collected 198 gold pieces.
You paid 43 gold pieces to Gozag.


Innate Abilities, Weirdness & Mutations

You have very sharp teeth.
Your uncanny sense of smell can sniff out nearby items.
Your experience applies equally to all skills.


   Skills:
 + Level 4.7 Fighting
 + Level 1.3 Short Blades
 + Level 1.3 Long Blades
 + Level 1.3 Axes
 + Level 4.7 Maces & Flails
 + Level 1.3 Polearms
 + Level 1.3 Staves
 + Level 1.3 Ranged Weapons
 + Level 2.9 Throwing
 + Level 2.9 Armour
 + Level 4.7 Dodging
 + Level 1.3 Stealth
 + Level 1.3 Shields
 + Level 1.3 Unarmed Combat
 + Level 5.1 Spellcasting
 + Level 1.1 Conjurations
 + Level 1.1 Hexes
 + Level 1.1 Summonings
 + Level 1.1 Necromancy
 + Level 5.5 Translocations
 + Level 1.1 Transmutations
 + Level 1.1 Fire Magic
 + Level 1.1 Ice Magic
 + Level 1.1 Air Magic
 + Level 1.1 Earth Magic
 + Level 1.1 Poison Magic
 + Level 1.5 Invocations
 + Level 1.3 Evocations


You had 13 spell levels left.
You didn't know any spells.
Your spell library contained the following spells:

 Spells                   Type           Power      Damage    Failure   Level
 Blink                    Tloc           40%        N/A       4%          2
 Gell's Gravitas          Tloc           20%        N/A       9%          3
 Lesser Beckoning         Tloc           20%        N/A       9%          3
 Teleport Other           Tloc           20%        N/A       9%          3
 Manifold Assault         Tloc           20%        N/A       63%         5

Inventory:

Hand Weapons
 a - a +0 mace (weapon)
Missiles
 d - 7 boomerangs of dispersal (quivered) {=f}
Armour
 b - a +0 leather armour (worn)
 m - a +0 buckler (worn)
 o - a +0 hat (worn)
Wands
 t - a wand of flame (23)
Scrolls
 c - a scroll of blinking
 f - 2 scrolls of poison {unknown}
 g - 3 scrolls of teleportation {unknown}
 i - 8 scrolls of identify {unknown}
 j - a scroll of butterflies {unknown}
 k - 3 scrolls of immolation
 l - a scroll of torment {unknown}
 p - a scroll of magic mapping {unknown}
 r - a scroll of vulnerability {unknown}
 s - 2 scrolls of enchant weapon {unknown}
Potions
 e - a potion of flight {unknown}
 h - a potion of berserk rage {unknown}
 n - a potion of degeneration {unknown}
 q - a potion of attraction {unknown}
 u - a potion of mutation {unknown}
 v - a potion of haste {unknown}

Dungeon Overview and Level Annotations

Branches:
Dungeon (4/15)
 Temple: D:4-7

Altars:
Gozag
Yredelemnul
The Shining One

Annotations:
D:4 Blork the orc

# ###...### ...
..####....# .#
##.#.....#..
#.....##.#.. .
#.... . ..
#.$.####..
##.###.........
......K$.......
#......@$......
.....#.<$......
... ####......
. ...##. ###


You could see a kobold.


Message History

The hound closely misses you.
You hit the hound.
The hound is severely wounded.
The hound pauses to sniff the ground.
The hound bites you but does no damage. The kobold closely misses you.
The hound closely misses you.
You hit the hound but do no damage.
The hound is severely wounded.
The hound completely misses you. The kobold closely misses you.
The kobold hits you with a +0 whip.
* * * LOW HITPOINT WARNING * * *
The hound misses you.
You closely miss the hound.
The hound is severely wounded.
You block the hound's attack. The kobold hits you with a +0 whip.
* * * LOW HITPOINT WARNING * * *
The hound bites you but does no damage.
You hit the hound. Your bite misses the hound.
The hound is almost dead.
The hound bites you.
* * * LOW HITPOINT WARNING * * *
You block the kobold's attack.
You thump the hound!
You kill the hound!
The kobold hits you with a +0 whip.
* * * LOW HITPOINT WARNING * * *
You closely miss the kobold. The kobold barely misses you.
The kobold hits you with a +0 whip.
You die...
Your body crumbles into a pile of gold.

Skill      XL: |  1  2  3  4 |
---------------+-------------+-----
Spellcasting   | 5 |  5.1
Invocations    | 1 |  1.5
Short Blades   | 1 |  1.3
Long Blades    | 1 |  1.3
Axes           | 1 |  1.3
Polearms       | 1 |  1.3
Staves         | 1 |  1.3
Ranged Weapons | 1 |  1.3
Stealth        | 1 |  1.3
Shields        | 1 |  1.3
Unarmed Combat | 1 |  1.3
Evocations     | 1 |  1.3
Conjurations   | 1 |  1.1
Hexes          | 1 |  1.1
Summonings     | 1 |  1.1
Necromancy     | 1 |  1.1
Transmutations | 1 |  1.1
Fire Magic     | 1 |  1.1
Ice Magic      | 1 |  1.1
Air Magic      | 1 |  1.1
Earth Magic    | 1 |  1.1
Poison Magic   | 1 |  1.1
Fighting       | |  4.7
Maces & Flails | |  4.7
Throwing       | |  2.9
Armour         | |  2.9
Dodging        | |  4.7
Translocations | |  5.5

Action                   |  1- 3 |  4- 6 || total
-------------------------+-------+-------++-------
Melee: Mace              |   137 |   106 ||   243
       Bite              |    13 |     7 ||    20
 Stab: Sleeping          |     1 |     1 ||     2
Armor: Leather armour    |    48 |    23 ||    71
Dodge: Dodged            |   113 |    70 ||   183
Block: Buckler           |     8 |    17 ||    25

Levels and vault maps discovered:
D:1:      minmay_arrival_floating_metal, layout_rooms, minmay_shallow_snake_nest
D:2:      layout_loops_ring, minmay_circle_x
D:3:      layout_basic, marbit_many_paths, grunt_gozag_statues,
          yredelemnul_forgotten_temple_becter, hellmonk_ecumenical_altar_blasted
D:4:      layout_cave_pools, kennysheep_slug_shrine, mainiacjoe_overflow_paths,
          serial_shops, kennysheep_little_box, shop, shop,
          gup_sewer_entry_bubbles, minmay_misc_feat_square,
          nicolae_specific_store, minmay_fire_ice_demons,
          uniq_crazy_yiuf_cottage, uniq_ijyb, uniq_blork_the_orc, uniq_eustachio

Notes
Turn   | Place    | Note
-------+----------+-------------------------------------------
     0 | D:1      | xzight the Gnoll Warper began the quest for the Orb.
     0 | D:1      | Reached XP level 1. HP: 20/20 MP: 6/6
   402 | D:1      | Reached XP level 2. HP: 25/26 MP: 7/7
   863 | D:1      | Reached skill level 5 in Spellcasting
   863 | D:1      | Reached XP level 3. HP: 27/31 MP: 7/9
  1582 | D:2      | Reached skill level 1 in Invocations
  1782 | D:2      | Reached skill level 1 in Short Blades
  1782 | D:2      | Reached skill level 1 in Long Blades
  1782 | D:2      | Reached skill level 1 in Axes
  1782 | D:2      | Reached skill level 1 in Polearms
  1782 | D:2      | Reached skill level 1 in Staves
  1782 | D:2      | Reached skill level 1 in Ranged Weapons
  1782 | D:2      | Reached skill level 1 in Stealth
  1782 | D:2      | Reached skill level 1 in Shields
  1782 | D:2      | Reached skill level 1 in Unarmed Combat
  1782 | D:2      | Reached skill level 1 in Evocations
  1896 | D:2      | Reached XP level 4. HP: 20/38 MP: 11/11
  2839 | D:3      | Found a glowing golden altar of the Shining One.
  2914 | D:3      | Found an opulent altar of Gozag.
  2969 | D:3      | Became a worshipper of Gozag Ym Sagoz the Greedy
  2994 | D:3      | Found a basalt altar of Yredelemnul.
  3060 | D:3      | Found a faded altar of an unknown god.
  3165 | D:3      | Reached skill level 1 in Conjurations
  3165 | D:3      | Reached skill level 1 in Hexes
  3165 | D:3      | Reached skill level 1 in Summonings
  3165 | D:3      | Reached skill level 1 in Necromancy
  3165 | D:3      | Reached skill level 1 in Transmutations
  3165 | D:3      | Reached skill level 1 in Fire Magic
  3165 | D:3      | Reached skill level 1 in Ice Magic
  3165 | D:3      | Reached skill level 1 in Air Magic
  3165 | D:3      | Reached skill level 1 in Earth Magic
  3165 | D:3      | Reached skill level 1 in Poison Magic
  3319 | D:4      | Noticed Blork the orc
  3388 | D:4      | HP: 2/38 [kobold/+0 whip (3)]
  3389 | D:4      | Slain by a kobold

Vanquished Creatures
  A hound (D:4)
  2 adders (D:2)
  A worm (D:3)
  3 dart slugs
  An orc (D:4)
  7 endoplasms
  A giant cockroach (D:2)
  A hobgoblin (D:3)
  7 kobolds
  4 quokkas
  8 ball pythons
  7 bats
  4 frilled lizards
  4 goblins
  7 rats
  A spectral orc (D:3)
59 creatures vanquished.

Table legend: (Time is in decaauts)
 A = Elapsed time spent in this place.
 B = Non-inter-level travel time spent in this place.
 C = Inter-level travel time spent in this place.
 D = Time resting spent in this place.
 E = Time spent auto-exploring this place.
 F = Levels seen in this place.
 G = Mean time per level.
                   A        B        C        D        E       F      G
               +--------+--------+--------+--------+--------+-----+--------+
         Total |   3448 |   3332 |    116 |     54 |   2687 |   4 |  862.0 |
       Dungeon |   3448 |   3332 |    116 |     54 |   2687 |   4 |  862.0 |
               +--------+--------+--------+--------+--------+-----+--------+

Top non-repeatable levels by time:
     D:2: 1320 daAuts
     D:1: 1231 daAuts
     D:3: 848 daAuts
     D:4: 48 daAuts

Table legend:
 A = Non-vault XP
 B = Vault XP
 C = Vault XP percentage of total XP
 D = Non-vault monster count
 E = Vault monster count
 F = Vault count percentage of total count
                 A         B        C        D         E       F
            +---------+---------+-------+---------+---------+-------
      Total |     145 |      19 |  11.6 |      53 |       6 |  10.2
            +---------+---------+-------+---------+---------+-------
        D:1 |      32 |       2 |   5.9 |      19 |       2 |   9.5
        D:2 |      44 |      14 |  24.1 |      20 |       2 |   9.1
        D:3 |      18 |       3 |  14.3 |       9 |       2 |  18.2
        D:4 |      51 |       0 |   0.0 |       5 |       0 |   0.0
            +---------+---------+-------+---------+---------+-------
